Map: Frozen Temple

Players

Dark - Winner!

  • Race: Zerg Zerg

Stats

  • Race: Protoss Protoss

Event: 2016 WCS Global Finals

VOD

https://youtu.be/U2psRDuUKHQ?t=1848

Description

Time

  • Played on: Oct. 29, 2016, 11:10 a.m.
  • Length: 11:41

All games in this series

Show
View Real Time Build Order
Export as new Build Order

Dark Zerg - Winner!

Build Orders: Pool First 

Get SALT Encoding   

  12  0:00  Drone  
  13  0:12  Overlord  
  13  0:18  Drone  
  14  0:31  Drone x2  
  16  0:37  Drone  
  17  0:45  Extractor  
  17  0:46  Drone  
  17  0:51  Spawning Pool  
  17  0:56  Drone  
  17  1:08  Drone  
  18  1:23  Drone  
  19  1:28  Hatchery  
  18  1:33  Drone  
  18  1:39  Queen  
  21  1:42  Zergling x2  
  22  1:48  Metabolic Boost  
  22  1:54  Overlord  
  22  2:12  Drone x2  
  22  2:14  Queen  
  26  2:24  Drone  
  27  2:37  Hatchery  
  27  2:42  Zergling x2  
  27  2:43  Zergling x2  
  27  2:44  Drone  
  29  2:47  Drone  
  29  2:48  Drone  
  31  2:53  Pneumatized Carapace  
  31  2:56  Drone  
  32  3:02  Overlord  
  32  3:04  Drone  
  33  3:06  Drone  
  34  3:15  Drone x2  
  36  3:21  Drone x4  
  36  3:23  Drone  
  41  3:30  Baneling Nest  
  40  3:34  Overlord  
  40  3:37  Zergling x2  
  41  3:41  Drone x2, Evolution Chamber  
  41  3:44  Drone  
  43  3:49  Queen  
  43  3:54  Zergling x4  
  43  3:55  Zergling x2  
  48  3:56  Zergling x2  
  48  3:57  Zergling x2  
  48  3:59  Zergling x2  
  51  4:03  Zergling x4  
  51  4:08  Zergling x2  
  54  4:17  Zergling x4  
  54  4:18  Drone  
  54  4:21  Extractor  
  54  4:22  Baneling x2  
  54  4:23  Zergling x2  
  57  4:29  Zergling x2  
  57  4:30  Overlord  
  58  4:33  Overlord  
  58  4:38  Overlord  
  55  4:42  Zergling x2  
  55  4:44  Drone x4  
  55  4:45  Drone x2  
  54  4:53  Drone  
  54  4:55  Drone  
  54  4:57  Drone x3  
  58  5:01  Drone, Queen  
  58  5:02  Drone x2  
  58  5:03  Drone  
  64  5:08  Lair  
  64  5:10  Drone, Roach Warren  
  64  5:11  Drone  
  64  5:13  Drone  
  66  5:15  Drone  
  67  5:21  Drone  
  67  5:22  Drone  
  69  5:29  Overlord  
  69  5:30  Drone  
  69  5:31  Drone  
  69  5:34  Extractor x2  
  69  5:36  Zerg Melee Weapons Level 1  
  69  5:39  Extractor  
  69  5:40  Drone x2, Extractor  
  69  5:41  Drone  
  70  5:44  Drone x4  
  70  5:46  Zergling x4  
  70  5:47  Baneling x2  
  76  5:50  Roach x4  
  76  5:51  Drone  
  76  5:55  Overlord  
  85  6:00  Overlord  
  85  6:02  Drone  
  86  6:06  Drone  
  86  6:08  Baneling x4  
  88  6:11  Drone  
  88  6:13  Drone  
  88  6:17  Hatchery  
  88  6:18  Ravager x3  
  90  6:20  Hatchery  
  90  6:22  Drone x2  
  89  6:30  Drone x3  
  88  6:33  Spore Crawler  
  88  6:34  Ravager  
  88  6:35  Centrifical Hooks  
  88  6:37  Drone  
  89  6:42  Drone x4  
  89  6:46  Drone  
  93  6:56  Overlord  
  93  6:58  Drone  
  93  6:59  Drone  
  93  7:01  Overlord x2  
  94  7:06  Drone x2  
  94  7:07  Drone  
  97  7:10  Zergling x2, Evolution Chamber  
  97  7:11  Infestation Pit  
  97  7:12  Overlord x3  
  96  7:18  Zergling x10  
  99  7:23  Drone  
  99  7:26  Drone x2  
  99  7:27  Drone, Spine Crawler  
  101  7:32  Zergling x6  
  101  7:34  Zerg Melee Weapons Level 2  
  101  7:36  Zerg Ground Armor Level 1  
  104  7:37  Zergling x4  
  104  7:42  Zergling x6  
  104  7:43  Zergling x6  
  112  7:48  Drone x2  
  112  7:50  Hive  
  114  7:51  Drone  
  115  7:59  Zergling x12  
  121  8:08  Zergling x14  
  128  8:16  Zergling x12  
  128  8:18  Baneling x8  
  134  8:22  Roach x5  
  134  8:24  Roach x2  
  134  8:26  Overlord  
  148  8:32  Baneling x4  
  148  8:36  Roach  
  148  8:37  Zergling x14  
  148  8:38  Zergling x2  
  148  8:39  Overlord  
  157  8:42  Overlord  
  157  8:47  Ravager  
  157  8:48  Ravager x6  
  164  8:53  Overlord x2  
  164  8:55  Spore Crawler  
  164  8:56  Spine Crawler, Zergling x4  
  164  8:59  Overlord  
  164  9:00  Zergling x6  
  164  9:01  Zergling x8  
  171  9:11  Adrenal Glands  
  171  9:12  Ultralisk Cavern  
  171  9:14  Zergling x14  
  177  9:19  Overlord  
  177  9:21  Baneling x9  
  177  9:22  Baneling x5  
  177  9:23  Baneling x2  
  175  9:24  Baneling  
  175  9:31  Zergling x6  
  175  9:38  Zergling x2  
  174  9:41  Baneling  
  174  9:42  Baneling x6  
  174  9:44  Zergling x14  
  174  9:45  Zergling x8  
  184  9:46  Baneling x5  
  180  9:57  Zergling x4  
  168  10:10  Ultralisk x3  
  179  10:20  Zergling x22  
  181  10:27  Zergling x2  
  173  10:29  Ultralisk x2  
  173  10:31  Zergling x8  
  173  10:33  Zergling x4  
  173  10:34  Zergling x2, Baneling  
  173  10:35  Baneling  
  185  10:37  Overseer  
  185  10:39  Zergling x2  
  185  10:41  Zergling x4  
  178  10:48  Ultralisk  
  169  10:50  Zergling x4  
  169  10:52  Overseer  
  169  10:53  Baneling x8  
  164  10:58  Zergling x6  
  164  10:59  Zergling x2  
  164  11:00  Zergling x4  
  164  11:02  Zergling x2  
  171  11:04  Zergling x4  
  171  11:05  Baneling x8  
  171  11:06  Zergling x2  
  171  11:07  Zergling x2  
  171  11:10  Zergling x4  
  176  11:13  Baneling x5  
  176  11:14  Zergling x6  
Show
View Real Time Build Order
Export as new Build Order

Stats Protoss 

Build Orders: 1 Gate Expand, Zealot Archon 

Get SALT Encoding   

  12  0:00  Probe (Chrono Boost)  
  13  0:11  Probe (Chrono Boost)  
  14  0:17  Pylon  
  14  0:21  Probe (Chrono Boost)  
  15  0:36  Probe (Chrono Boost)  
  15  0:38  Gateway  
  16  0:46  Probe (Chrono Boost)  
  16  0:47  Assimilator  
  18  0:57  Probe (Chrono Boost)  
  18  1:07  Probe (Chrono Boost)  
  19  1:18  Probe (Chrono Boost)  
  20  1:25  Nexus  
  20  1:33  Cybernetics Core  
  20  1:37  Probe (Chrono Boost)  
  21  1:42  Assimilator  
  21  1:47  Probe (Chrono Boost)  
  21  1:51  Pylon  
  22  1:58  Probe (Chrono Boost)  
  23  2:01  Warp Gate  
  23  2:06  Adept  
  23  2:11  Probe (Chrono Boost)  
  27  2:23  Probe (Chrono Boost)  
  27  2:24  Twilight Council  
  27  2:29  Adept  
  27  2:35  Probe (Chrono Boost)  
  30  2:37  Probe (Chrono Boost)  
  31  2:47  Probe (Chrono Boost)  
  31  2:48  Probe (Chrono Boost)  
  31  2:49  Resonating Glaives  
  33  2:56  Adept  
  37  2:59  Probe x2 (Chrono Boost)  
  37  3:07  Gateway  
  37  3:11  Gateway  
  37  3:16  Probe (Chrono Boost)  
  37  3:17  Probe (Chrono Boost)  
  39  3:23  Adept  
  42  3:28  Pylon, Probe (Chrono Boost)  
  42  3:29  Probe (Chrono Boost)  
  43  3:40  Probe (Chrono Boost)  
  45  3:41  Probe (Chrono Boost)  
  45  3:52  Pylon, Probe (Chrono Boost)  
  45  3:53  Mothership Core (Chrono Boost)  
  48  3:58  Nexus  
  49  4:06  Adept x2  
  49  4:08  Adept  
  54  4:14  Pylon  
  54  4:16  Probe (Chrono Boost)  
  56  4:18  Probe (Chrono Boost)  
  56  4:26  Robotics Facility  
  56  4:27  Probe (Chrono Boost)  
  56  4:30  Probe (Chrono Boost)  
  56  4:31  Sentry x2  
  62  4:43  Adept  
  60  4:52  Probe (Chrono Boost)  
  54  4:53  Probe (Chrono Boost)  
  54  4:58  Stalker x2  
  58  5:02  Assimilator  
  58  5:03  Probe (Chrono Boost)  
  58  5:04  Assimilator, Pylon  
  58  5:05  Probe (Chrono Boost)  
  60  5:10  Stalker  
  60  5:12  Probe (Chrono Boost)  
  60  5:13  Warp Prism  
  60  5:14  Probe (Chrono Boost)  
  67  5:21  Probe (Chrono Boost)  
  67  5:23  Pylon  
  67  5:30  Forge  
  67  5:32  Probe (Chrono Boost)  
  67  5:33  Probe x2 (Chrono Boost)  
  69  5:36  Sentry  
  69  5:37  Sentry  
  69  5:40  Adept  
  76  5:43  Probe (Chrono Boost)  
  76  5:45  Probe (Chrono Boost)  
  76  5:47  Observer  
  78  5:58  Probe x2 (Chrono Boost)  
  78  6:00  Probe (Chrono Boost)  
  78  6:01  Pylon  
  81  6:06  Protoss Ground Weapons Level 1  
  81  6:07  Stalker  
  81  6:09  Probe x2 (Chrono Boost)  
  86  6:12  Photon Cannon  
  86  6:15  Immortal  
  86  6:19  Probe x2 (Chrono Boost)  
  86  6:24  Probe (Chrono Boost)  
  92  6:30  Probe (Chrono Boost)  
  93  6:34  Probe (Chrono Boost)  
  93  6:36  Assimilator  
  93  6:37  Probe (Chrono Boost)  
  93  6:38  Assimilator  
  95  6:40  Probe (Chrono Boost)  
  95  6:44  Probe (Chrono Boost)  
  95  6:45  Charge, Templar Archives  
  97  6:49  Probe (Chrono Boost)  
  97  6:51  Probe (Chrono Boost)  
  98  6:57  Probe (Chrono Boost)  
  98  7:01  Probe x2 (Chrono Boost)  
  100  7:07  Gateway x2  
  101  7:08  Gateway  
  101  7:10  Gateway  
  101  7:11  Immortal  
  101  7:13  Gateway  
  105  7:26  High Templar x2  
  109  7:30  Pylon  
  109  7:31  Pylon  
  109  7:34  Pylon  
  109  7:37  Photon Cannon, Archon  
  109  7:45  Immortal  
  109  7:47  Nexus, Pylon  
  109  7:49  Pylon  
  113  7:51  Pylon  
  113  7:53  Pylon  
  113  7:55  Photon Cannon  
  113  7:56  Pylon  
  113  7:58  Protoss Ground Weapons Level 2  
  113  8:08  High Templar x2  
  117  8:16  High Templar x2, Zealot  
  117  8:17  Zealot x3  
  129  8:23  Archon x2  
  129  8:27  Probe x2 (Chrono Boost)  
  132  8:28  Probe (Chrono Boost)  
  132  8:29  Assimilator, Psionic Storm  
  132  8:32  Assimilator  
  132  8:37  Probe x2 (Chrono Boost)  
  132  8:40  Probe (Chrono Boost)  
  135  8:47  Blink  
  135  8:48  Photon Cannon  
  135  8:49  Photon Cannon  
  135  8:52  Stargate  
  135  8:53  High Templar x2  
  135  8:55  Zealot x6  
  150  9:19  Probe (Chrono Boost)  
  150  9:20  Zealot  
  150  9:21  Probe x3 (Chrono Boost)  
  147  9:30  Probe (Chrono Boost)  
  149  9:31  High Templar x2  
  149  9:33  Probe x3 (Chrono Boost)  
  149  9:34  Stargate  
  153  9:52  Zealot  
  155  9:55  Zealot x5  
  157  10:01  Photon Cannon  
  157  10:03  Photon Cannon  
  145  10:13  Zealot x3  
  143  10:19  Zealot x4  
  143  10:20  Zealot  
  141  10:26  Archon x2  
  99  10:35  High Templar  
  99  10:36  High Templar  
  99  10:39  Zealot  
  99  10:40  Zealot x2  
  108  10:44  Zealot x3  
  108  10:47  Warp Prism  
  104  10:56  High Templar  
  100  11:06  Stalker x4  
  100  11:07  Gateway  
  100  11:08  High Templar x2  
  100  11:09  Gateway  
  112  11:12  Archon  
  112  11:14  Gateway  
  88  11:28  Archon  
  88  11:30  Stalker x5  
Tags
 
Add a new tag
Caveats
  • Supply blocks, unpowered buildings, or Contaminate may cause inaccurate times.
  • Supply counts are checked every 10 seconds.